 Dungeon Crawl Stone Soup version 0.28.0-45-g0d030f2227 (webtiles) character file.

Game seed: 14744274851900819374

82 NinjaNoafa the Caller (level 4, -1/32 HPs)
             Began as a Merfolk Summoner on Apr 19, 2022.
             Slain by Crazy Yiuf
             ... wielding a +2 quarterstaff of chaos
              (4 damage)
             ... on level 2 of the Dungeon.
             The game lasted 00:11:16 (3252 turns).

NinjaNoafa the Caller (Merfolk Summoner)            Turns: 3252, Time: 00:11:17

Health: -1/32      AC:  4    Str:  8    XL:     4   Next: 43%
Magic:  0/7        EV: 13    Int: 16    God:
Gold:   94         SH:  0    Dex: 14    Spells: 5/8 levels left

rFire   . . .      SeeInvis .   h - +0 trident
rCold   . . .      Faith    .   (no shield)
rNeg    . . .      Spirit   .   a - +0 robe
rPois   .          Reflect  .   (no helmet)
rElec   .          Harm     .   m - +1 cloak
rCorr   .          Rampage  .   (no gloves)
Will    .....                   (no boots)
Stlth   ++........              (no amulet)
HPRegen 0.10/turn               (no ring)
MPRegen 0.10/turn               (no ring)

@: attractive
A: (nimble swimmer 2), mertail
a: no special abilities


You were on level 2 of the Dungeon.
You visited 1 branch of the dungeon, and saw 2 of its levels.

You collected 94 gold pieces.

Inventory:

Hand Weapons
 b - a +0 whip
 h - a +0 trident (weapon)
Missiles
 j - 60 stones
 p - 6 poisoned darts
Armour
 a - a +0 robe (worn)
 m - a +1 cloak (worn)
Jewellery
 n - a ring of resist corrosion
Potions
 f - a potion of lignification {unknown}
 k - a potion of might {unknown}
 l - a potion of degeneration {unknown}


   Skills:
 * Level 1.0 Fighting
 * Level 1.3 Polearms
 + Level 3.5 Dodging
 + Level 3.1 Stealth
 + Level 2.5 Spellcasting
 + Level 0.1 Hexes
 + Level 4.3 Summonings
 + Level 0.1 Translocations
 + Level 0.1 Air Magic


You had 5 spell levels left.
You knew the following spells:

 Your Spells              Type           Power      Damage    Failure   Level
a - Summon Small Mammal   Summ           60%        N/A       3%          1
b - Call Imp              Summ           15%        N/A       4%          2

Your spell library contained the following spells:

 Spells                   Type           Power      Damage    Failure   Level
 Call Canine Familiar     Summ           15%        N/A       10%         3
 Summon Guardian Golem    Hex/Summ       9%         N/A       24%         3
 Portal Projectile        Hex/Tloc       4%         N/A       50%         3
 Summon Lightning Spire   Summ/Air       9%         N/A       61%         4
 Leda's Liquefaction      Hex/Erth       1%         N/A       88%         4


Dungeon Overview and Level Annotations

Branches:
Dungeon (2/15)

Altars:

Shops:
D:1 =

Annotations:
D:2 Crazy Yiuf


Innate Abilities, Weirdness & Mutations

((You are very nimble when in or above water. (Stealth+, EV+, Speed+++)))
Your lower body shifts to a powerful aquatic tail in water.


Message History

Could not explore, unopened runed door.
You open the door.
Casting: Summon Small Mammal (safe; 3% risk of failure)
Confirm with . or Enter, or press ? or * to list all spells.
A shadowy apparition takes form in the air.
Crazy Yiuf hits you with a +2 quarterstaff of chaos!
You are electrocuted!
You swap places.
Crazy Yiuf hits your shadow imp with a +2 quarterstaff of chaos.
Your shadow imp convulses.
Your shadow imp closely misses Crazy Yiuf.
Crazy Yiuf barely misses your shadow imp.
Your shadow imp barely misses Crazy Yiuf.
Casting: Call Imp (safe; 4% risk of failure)
Confirm with . or Enter, or press ? or * to list all spells.
A beastly little devil appears in a puff of frigid air.
Your shadow imp disappears in a puff of smoke!
Crazy Yiuf hits your white imp with a +2 quarterstaff of chaos!!
Your white imp dies!
Your white imp disappears in a puff of smoke!
Casting: Call Imp (safe; 4% risk of failure)
Confirm with . or Enter, or press ? or * to list all spells.
A beastly little devil appears in a puff of flame.
Crazy Yiuf glowers.
You swap places.
Something hits your crimson imp!
Space warps horribly around your crimson imp.
Your crimson imp dies!
Your crimson imp disappears in a puff of smoke!
It was a potion of attraction.
You feel attractive to monsters.
Crazy Yiuf sings, "Trees, trees, trees, circus!"
Crazy Yiuf is attracted toward you.
Casting: Call Imp (safe; 4% risk of failure)
Confirm with . or Enter, or press ? or * to list all spells.
A beastly little devil appears in a puff of flame.
Crazy Yiuf hits you with a +2 quarterstaff of chaos!
* * * LOW HITPOINT WARNING * * *
Crazy Yiuf freezes you.
You die...

..........# #.#
######.####
#.###### # #.#
#......# # #.#
#.####.## ### ###
### #..# ..# ##.#
### ♣♣♣♣♣###.#
### ###
♣♣♣.♣...##.# ..#
#...#♣g.♣§5g@...#
###
#...'.♣♣♣♣......#
### #)..#♣♣
♣♣..#.## ..# ###
♣♣#### ### ###
#.# #.#


You could see Crazy Yiuf (ally target) and a friendly crimson imp (summoned).

Vanquished Creatures
  An adder (D:2)
  A worm (D:2)
  2 quokkas
  2 frilled lizards (D:2)
  A rat (D:2)
7 creatures vanquished.

Vanquished Creatures (collateral kills)
  An adder (D:2)
  A worm (D:2)
  4 dart slugs
  2 ball pythons (D:1)
  2 bats (D:1)
  6 endoplasms
  2 giant cockroaches (D:1)
  5 goblins
  7 hobgoblins
  A quokka (D:2)
  3 frilled lizards
  4 kobolds
  2 rats (D:1)
40 creatures vanquished.

Grand Total: 47 creatures vanquished

Notes
Turn   | Place    | Note
-------+----------+-------------------------------------------
     0 | D:1      | NinjaNoafa the Merfolk Summoner began the quest for the
                  | Orb.
     0 | D:1      | Reached XP level 1. HP: 13/13 MP: 3/3
    61 | D:1      | Found Verodaep's Jewellery Shoppe.
   135 | D:1      | Found a faded altar of an unknown god.
   158 | D:1      | Reached XP level 2. HP: 3/19 MP: 0/5
  1158 | D:1      | Reached XP level 3. HP: 18/24 MP: 4/6
  1161 | D:1      | Learned a level 2 spell: Call Imp
  2252 | D:2      | Reached XP level 4. HP: 31/31 MP: 7/7
  2327 | D:2      | Reached skill level 1 in Polearms
  2490 | D:2      | Identified a scroll of acquirement
  2490 | D:2      | Acquired a book of the Hunter
  2976 | D:2      | Reached skill level 1 in Fighting
  3063 | D:2      | Found a runed translucent door.
  3064 | D:2      | Noticed Crazy Yiuf
  3252 | D:2      | Slain by Crazy Yiuf

Illustrated notes

Levels and vault maps discovered:
D:1:      tarquinn_simple_flora_water_a, layout_rooms, serial_shops, shop,
          chequers_ecumenical_altar_simple, nrook_mini_vaults,
          minmay_pentomino_r4
D:2:      wander_river, layout_loops_ring, item_on_display_a,
          uniq_crazy_yiuf_cottage

Skill      XL: |  1  2  3  4 |
---------------+-------------+-----
Dodging        | 3 |  3.5
Stealth        | 3 |  3.1
Polearms       | 1 |  1.3
Fighting       | 1 |  1.0
Spellcasting   | |  2.5
Hexes          | |  0.1
Summonings     | |  4.3
Translocations | |  0.1
Air Magic      | |  0.1

Action                   |  1- 3 |  4- 6 || total
-------------------------+-------+-------++-------
Melee: Unarmed           |     5 |       ||     5
       Trident           |    23 |     6 ||    29
 Cast: Summon Small Mamm |    48 |     7 ||    55
       Call Imp          |     9 |    14 ||    23
  Use: Scroll            |       |     6 ||     6
       Potion            |       |     1 ||     1
 Stab: Sleeping          |     1 |       ||     1
Armor: Robe              |    15 |     6 ||    21
Dodge: Dodged            |    46 |    11 ||    57
